Map: [ESL] Radhuset Station

Players

ShoWTimE - Winner!

  • Race: Protoss Protoss
  • League: Master
  • Spawn Location: 7:00

BabyMarine

  • Race: Terran Terran
  • Spawn Location: 1:00

Event: HomeStory Cup XXIV

VOD

Have the link to the VOD?

Description

Time

  • Played on: Dec. 2, 2023, 7:31 a.m.
  • Length: 11:57

All games in this series

Show
View Real Time Build Order
Export as new Build Order

ShoWTimE Protoss - Winner!

Build Orders: 1 Gate Expand, Phoenix Opening, Colossus Rush 

Get SALT Encoding   

  12  0:00  Probe  
  13  0:12  Probe  
  14  0:18  Pylon  
  14  0:24  Probe  
  15  0:36  Probe (Chrono Boost)  
  15  0:37  Gateway  
  16  0:45  Probe (Chrono Boost)  
  16  0:46  Assimilator  
  17  0:50  Probe (Chrono Boost)  
  18  1:03  Probe  
  19  1:15  Probe  
  20  1:24  Cybernetics Core  
  20  1:34  Nexus  
  20  1:38  Probe  
  21  1:45  Pylon  
  21  1:50  Probe  
  21  1:53  Assimilator  
  22  2:00  Adept (Chrono Boost)  
  22  2:02  Probe  
  25  2:14  Probe  
  26  2:20  Adept (Chrono Boost)  
  26  2:27  Probe  
  29  2:30  Stargate  
  29  2:39  Warp Gate  
  29  2:41  Probe (Chrono Boost)  
  30  2:45  Adept  
  30  2:46  Probe (Chrono Boost)  
  34  2:55  Probe (Chrono Boost)  
  34  2:56  Probe (Chrono Boost)  
  35  3:00  Probe (Chrono Boost)  
  35  3:03  Probe  
  37  3:12  Phoenix (Chrono Boost), Probe  
  38  3:15  Probe  
  38  3:17  Pylon  
  41  3:24  Probe  
  42  3:27  Probe  
  42  3:28  Phoenix (Chrono Boost)  
  45  3:37  Probe  
  45  3:39  Gateway, Probe  
  47  3:49  Probe  
  47  3:51  Probe  
  47  3:52  Phoenix (Chrono Boost)  
  51  4:01  Gateway, Probe  
  52  4:03  Probe  
  52  4:04  Robotics Facility  
  52  4:09  Shield Battery  
  53  4:13  Probe  
  54  4:17  Pylon  
  54  4:18  Pylon  
  54  4:20  Assimilator  
  54  4:26  Assimilator  
  54  4:34  Nexus  
  54  4:35  Probe x2  
  54  4:38  Phoenix (Chrono Boost)  
  58  4:47  Probe x2  
  60  4:53  Observer  
  60  4:57  Robotics Bay  
  60  4:58  Pylon  
  60  4:59  Probe x2  
  63  5:03  Phoenix (Chrono Boost)  
  65  5:11  Probe x2  
  63  5:21  Phoenix  
  65  5:23  Probe x2  
  65  5:26  Adept  
  69  5:30  Observer (Chrono Boost)  
  69  5:35  Probe x2  
  70  5:47  Probe (Chrono Boost)  
  70  5:48  Colossus (Chrono Boost), Probe (Chrono Boost)  
  73  5:50  Probe (Chrono Boost)  
  79  6:00  Probe x2 (Chrono Boost)  
  79  6:01  Phoenix  
  79  6:04  Probe (Chrono Boost)  
  84  6:05  Probe x2 (Chrono Boost)  
  84  6:08  Forge  
  84  6:10  Gateway  
  86  6:11  Probe  
  86  6:12  Gateway  
  86  6:14  Probe x2  
  89  6:20  Twilight Council  
  89  6:21  Assimilator  
  89  6:22  Sentry  
  89  6:23  Assimilator  
  89  6:24  Probe  
  89  6:25  Pylon  
  92  6:26  Probe  
  92  6:27  Pylon  
  92  6:29  Extended Thermal Lance (Chrono Boost)  
  93  6:36  Shield Battery  
  93  6:43  Probe x2  
  93  6:45  Charge (Chrono Boost)  
  95  6:48  Colossus (Chrono Boost)  
  95  6:51  Zealot x3  
  107  6:54  Pylon  
  107  6:55  Protoss Ground Weapons Level 1 (Chrono Boost)  
  107  7:12  Pylon  
  107  7:15  Gateway  
  107  7:17  Zealot  
  107  7:18  Zealot x2, Gateway  
  107  7:20  Gateway  
  113  7:38  Colossus (Chrono Boost)  
  113  7:40  Probe  
  113  7:42  Templar Archives  
  120  7:44  Probe  
  120  7:46  Nexus  
  120  7:50  Zealot x2  
  125  7:56  Pylon  
  125  7:57  Pylon x2  
  125  8:08  Templar Archives  
  123  8:14  Zealot x4  
  123  8:15  Zealot x2, Warp Prism (Chrono Boost)  
  137  8:20  Probe  
  137  8:21  Pylon, Probe  
  137  8:22  Probe  
  137  8:26  High Templar x2  
  143  8:29  Blink  
  143  8:32  Archon  
  143  8:33  Forge  
  143  8:36  Protoss Ground Weapons Level 2 (Chrono Boost), Probe x3  
  143  8:40  Pylon  
  143  8:41  Pylon  
  146  8:43  High Templar x2, Zealot x2  
  146  8:44  Zealot  
  146  8:47  Archon  
  146  8:48  Probe  
  157  8:56  Pylon  
  157  8:57  Disruptor  
  157  8:59  Pylon  
  161  9:07  Photon Cannon  
  161  9:08  Photon Cannon  
  161  9:10  Photon Cannon, Probe x2  
  161  9:13  Photon Cannon  
  161  9:14  Observer  
  163  9:18  Zealot x3  
  163  9:19  Zealot x3  
  163  9:22  Zealot  
  177  9:29  Protoss Ground Armor Level 1 (Chrono Boost)  
  177  9:33  Disruptor (Chrono Boost)  
  181  9:47  Gateway  
  181  9:48  Gateway  
  181  9:51  Nexus  
  181  9:52  Pylon  
  181  9:54  Gateway  
  179  10:00  Pylon  
  179  10:05  Gateway  
  179  10:06  Pylon  
  179  10:13  Pylon  
  179  10:15  Robotics Facility  
  179  10:16  Disruptor (Chrono Boost), Robotics Facility  
  179  10:17  Pylon  
  179  10:18  Pylon  
  181  10:47  Zealot x9  
  173  10:50  Disruptor  
  153  11:19  Zealot x3  
  153  11:20  Zealot x9  
  153  11:23  Probe x3  
  153  11:24  Probe  
  161  11:45  Zealot x12  
Show
View Real Time Build Order
Export as new Build Order

BabyMarine Terran 

Build Orders:  

Get SALT Encoding   

  12  0:00  SCV  
  13  0:12  SCV  
  14  0:17  Supply Depot  
  14  0:24  SCV  
  15  0:38  SCV  
  15  0:40  Barracks  
  16  0:44  Refinery  
  16  0:50  SCV  
  17  1:03  SCV  
  18  1:15  SCV  
  19  1:26  Marine  
  19  1:28  Orbital Command  
  20  1:45  Command Center  
  20  1:57  Factory  
  20  2:01  SCV  
  20  2:08  Supply Depot  
  21  2:11  Barracks Reactor  
  21  2:14  SCV  
  22  2:22  Refinery  
  22  2:26  SCV  
  23  2:33  Bunker  
  23  2:38  SCV  
  24  2:51  Starport, SCV  
  25  2:53  Hellion  
  29  2:58  Hellion  
  29  3:09  Orbital Command  
  29  3:11  SCV  
  30  3:18  Armory  
  30  3:25  Widow Mine  
  33  3:27  SCV  
  33  3:31  Widow Mine  
  35  3:35  Medivac  
  35  3:39  SCV  
  39  3:41  SCV  
  38  3:49  Supply Depot  
  38  3:51  SCV  
  38  3:53  Widow Mine  
  41  3:57  Widow Mine  
  41  4:00  SCV  
  41  4:02  Marine  
  43  4:03  SCV  
  42  4:12  SCV  
  42  4:14  Widow Mine  
  45  4:19  SCV, Widow Mine, Supply Depot  
  48  4:24  SCV  
  48  4:26  Medivac  
  48  4:28  Marine  
  48  4:31  SCV  
  53  4:36  SCV  
  54  4:44  SCV  
  53  4:48  SCV  
  53  4:49  Widow Mine x2  
  58  4:56  Barracks Tech Lab, SCV  
  59  5:02  Command Center  
  59  5:03  SCV  
  60  5:08  SCV  
  60  5:15  Marine, SCV  
  60  5:19  Stimpack  
  62  5:23  Medivac  
  62  5:24  Widow Mine x2, SCV  
  62  5:27  SCV  
  68  5:33  Barracks  
  68  5:35  Barracks  
  66  5:36  SCV  
  66  5:40  SCV  
  66  5:43  Marine  
  66  5:46  Widow Mine  
  66  5:47  Widow Mine  
  66  5:48  SCV  
  68  5:52  Supply Depot, SCV  
  68  5:55  Refinery x2  
  67  5:59  Starport Tech Lab  
  67  6:00  SCV  
  67  6:04  SCV  
  69  6:10  Barracks  
  69  6:12  Barracks  
  69  6:14  SCV  
  69  6:16  SCV  
  69  6:17  Widow Mine x2  
  75  6:30  SCV  
  75  6:31  Engineering Bay  
  75  6:32  Engineering Bay  
  76  6:35  Marine, Combat Shield  
  76  6:36  Marine  
  76  6:37  Starport Tech Lab  
  79  6:47  Command Center, SCV  
  79  6:51  SCV  
  80  6:54  Marine x2  
  80  6:56  Orbital Command  
  80  7:00  Factory Tech Lab, SCV  
  83  7:03  SCV  
  83  7:05  Barracks Reactor  
  83  7:06  Marine x2  
  85  7:11  Starport Reactor, Terran Infantry Weapons Level 1  
  85  7:12  Terran Infantry Armor Level 1, SCV  
  85  7:15  Marauder  
  88  7:22  Factory  
  88  7:24  Supply Depot  
  88  7:25  Marine, Siege Tank  
  88  7:26  Marine  
  93  7:31  SCV x2  
  93  7:34  SCV  
  93  7:35  Marine  
  93  7:36  Marauder, Marine  
  92  7:41  Supply Depot  
  92  7:43  Concussive Shells, SCV  
  93  7:46  Supply Depot  
  93  7:47  SCV x2  
  95  7:52  Refinery, Missile Turret  
  95  7:53  Refinery  
  95  7:54  Marine x2, Marauder  
  95  7:55  Marine  
  95  7:56  SCV  
  101  8:00  Siege Tank  
  101  8:03  Terran Vehicle Weapons Level 1  
  104  8:07  Factory Tech Lab  
  104  8:08  Marine  
  104  8:09  Marauder x2  
  104  8:10  SCV  
  104  8:11  SCV  
  108  8:14  SCV  
  108  8:15  Marine x2  
  111  8:22  SCV  
  111  8:23  SCV  
  111  8:26  SCV  
  114  8:30  Marine, Marauder, Missile Turret  
  114  8:32  Missile Turret  
  114  8:33  Siege Tank  
  120  8:34  SCV  
  120  8:36  Siege Tank  
  120  8:38  Missile Turret  
  120  8:39  SCV  
  120  8:40  SCV  
  126  8:45  Liberator  
  126  8:47  Liberator  
  132  8:52  Ghost Academy  
  132  9:00  Missile Turret  
  132  9:04  Supply Depot  
  132  9:05  Supply Depot  
  131  9:10  Missile Turret  
  131  9:11  Terran Infantry Weapons Level 2  
  131  9:14  Terran Infantry Armor Level 2  
  131  9:21  Marauder  
  131  9:23  Siege Tank  
  131  9:25  Siege Tank  
  134  9:37  Ghost x2  
  134  9:38  Supply Depot  
  138  9:39  Liberator  
  141  9:46  Liberator  
  144  9:54  Ghost  
  145  10:00  SCV x3  
  145  10:01  Supply Depot  
  145  10:05  Ghost  
  150  10:16  Ghost  
  150  10:19  Command Center  
  152  10:23  Ghost  
  154  10:34  Supply Depot  
  154  10:40  SCV x2  
  153  10:44  Marine x2, SCV  
  153  10:45  Marauder x2  
  148  10:52  SCV x2, Ghost  
  148  10:53  Siege Tank  
  152  11:00  Marine  
  152  11:01  Marine  
  152  11:02  Marine  
  146  11:05  SCV x2  
  146  11:06  Marauder x2  
  146  11:08  SCV  
  149  11:17  SCV  
  153  11:21  Marauder, SCV x2  
  153  11:25  Medivac  
  159  11:29  SCV  
  153  11:33  SCV  
  153  11:34  SCV  
  133  11:41  SCV  
Tags
 
Add a new tag
Caveats
  • Supply blocks, unpowered buildings, or Contaminate may cause inaccurate times.
  • Supply counts are checked every 10 seconds.